 Dungeon Crawl Stone Soup version 0.19-a0-76-g295c512 (webtiles) character file.

118545 Duffy the Severer (level 16, -9/124 HPs)
             Began as a Demonspawn Fighter on May 12, 2016.
             Was the Champion of Cheibriados.
             Mangled by an ettin (illusionary)
             ... wielding a +0 dire flail
              (13 damage)
             ... on level 1 of the Depths.
             The game lasted 00:35:43 (20759 turns).

Duffy the Severer (Demonspawn Fighter)             Turns: 20759, Time: 00:35:44

Health: -9/124     AC: 40    Str: 38    XL:     16   Next: 25%
Magic:  0/24       EV: 18    Int: 26    God:    Cheibriados [******]
Gold:   2885       SH:  4    Dex: 27    Spells: 0 memorised, 15 levels left

rFire  + . .     SeeInvis .     n - +1 battleaxe (flame)
rCold  + . .     Gourm    .     U - +10 plate armour {rF+}
rNeg   . . .     Faith    .     (shield currently unavailable)
rPois  .         Spirit   +     m - +2 helmet
rElec  .         Dismiss  .     E - +2 cloak
rCorr  .         Reflect  .     (no gloves)
SustAt .         Harm     .     c - +0 pair of boots
MR     +....                    k - amulet of regeneration
Stlth  ..........               d - +3 ring of protection
                                r - ring of protection from cold

@: very slow, somewhat resistant to hostile enchantments, extremely unstealthy
A: talons 2, large bone plates 3, powered by death 2, wild magic 1, magic
shield, magic regeneration, magic link
a: Bend Time, Temporal Distortion, Slouch, Step From Time, Renounce Religion


You were on level 1 of the Depths.
You worshipped Cheibriados.
Cheibriados was exalted by your worship.
You were not hungry.

You visited 5 branches of the dungeon, and saw 27 of its levels.
You also visited: Labyrinth, Bailey and Volcano.

You collected 3244 gold pieces.
You spent 359 gold pieces at shops.


Innate Abilities, Weirdness & Mutations

You have razor-sharp toenails.
You are completely covered in large bone plates (AC +4, SH +4).
You regenerate health from kills.
When hurt, damage is shared between your health and your magic reserves.
You regenerate magic rapidly.
When low on magic, you restore magic in place of health.
Your spells are a little harder to cast, but a little more powerful.


   Skills:
 - Level 10.8 Fighting
 + Level 18.5 Axes
 - Level 11.5 Armour
 - Level 9.4 Dodging
   Level 2.6 Shields
 + Level 11.7 Invocations


You had 15 spell levels left.
You didn't know any spells.

Inventory:

Hand Weapons
 l - a +2 battleaxe of chopping
 n - a +1 battleaxe of flaming (weapon)
 o - a +0 blowgun
Missiles
 G - 127 poisoned needles
 H - 6 curare-tipped needles
 Q - 24 tomahawks (quivered)
Armour
 c - a +0 pair of boots (worn)
 h - a +1 helmet of see invisible
 m - a +2 helmet (worn)
 E - a +2 cloak (worn)
 U - a +10 plate armour of fire resistance (worn)
Jewellery
 a - an uncursed ring of flight
 d - a +3 ring of protection (right hand)
 k - an amulet of regeneration (around neck)
 r - a ring of protection from cold (left hand)
Wands
 z - a wand of digging (5/24)
 C - a wand of acid (6/15)
 J - a wand of disintegration (7/24)
 L - a wand of flame (28/48)
 N - a wand of iceblast (7/15)
 S - a wand of lightning (13/15)
Scrolls
 e - 13 scrolls of remove curse
 i - 6 scrolls of recharging
 p - 4 scrolls of identify
 t - 3 scrolls of magic mapping
 v - 8 scrolls of teleportation
 w - 7 scrolls of enchant weapon
 y - 3 scrolls of immolation
 A - 2 scrolls of fear
 B - 4 scrolls of summoning
 D - 4 scrolls of enchant armour
 I - a scroll of blinking
 M - 4 scrolls of fog
 V - a scroll of vulnerability
 W - a scroll of silence
Potions
 g - a potion of invisibility
 j - 14 potions of curing
 q - 8 potions of heal wounds
 x - 3 potions of ambrosia
 F - a potion of agility
 K - 5 potions of might
 O - 2 potions of resistance
 P - 2 potions of cancellation
 T - 2 potions of flight
Comestibles
 b - 10 fruits
 f - 15 bread rations
 s - 16 slices of pizza
 u - 10 meat rations

Dungeon Overview and Level Annotations

Branches:
Dungeon (15/15)            Temple (1/1) D:4            Lair (8/8) D:11
  Swamp (0/4) Lair:3        Snake (0/4) Lair:5        Slime (0/6) Lair:6
    Orc (2/2) D:10            Elf (0/3) Orc:2        Vaults (0/5) D:14
 Depths (1/5) D:15

Altars:
Ashenzari
Cheibriados
Dithmenos
Elyvilon
Fedhas
Gozag
Kikubaaqudgha
Makhleb
Nemelex Xobeh
Okawaru
Pakellas
Qazlal
Ru
Sif Muna
Trog
Vehumet
Xom
Yredelemnul
Zin
The Shining One
Beogh
Jiyva

Shops:
D:2 *   D:13 }   Orc:2 [:**

Portals:
Trove: D:10 (give wand of hasting (9))


Message History

A yak and an ugly thing come into view.
You hit the ettin but do no damage.
The ettin is moderately wounded.
You slice the ettin!! You burn the ettin!
The ettin is lightly wounded.
The rakshasa weaves an illusion.
The yak shimmers and seems to become two!
The ettin completely misses you.
The ettin hits you but does no damage. x2
The ettin misses you.
A green ugly thing comes into view.
The green ugly thing gurgles horribly!
You hit the ettin but do no damage.
The ettin is moderately wounded.
You slash the ettin! You burn the ettin.
The ettin is moderately wounded.
The rakshasa weaves an illusion.
The tengu conjurer shimmers and seems to become two!
You hit the ettin. You burn the ettin.
The ettin is moderately wounded.
You slash the ettin! You burn the ettin.
The ettin is moderately wounded.
You block the ettin's attack. The ettin completely misses you.
You block the ettin's attack. The ettin hits you with a dire flail.
A two-headed ogre and an ogre mage come into view.
Your plate armour prevents you from hitting the ettin.
The ettin is moderately wounded.
Your plate armour prevents you from hitting the ettin.
The ettin is moderately wounded.
The ogre mage shouts!
The two-headed ogre shouts in stereo!
The ettin hits you but does no damage. The ettin barely misses you.
The ettin misses you. The ettin completely misses you.
You slash the ettin! You burn the ettin.
The ettin is heavily wounded.
You hit the ettin. You burn the ettin.
The ettin is moderately wounded.
The rakshasa blinks!
The ettin hits you with a dire flail! The ettin hits you but does no damage.
The ettin hits you with a dire flail!! The ettin barely misses you.
You slice the ettin!! You burn the ettin.
The ettin is almost dead.
You hit the ettin but do no damage.
The ettin is moderately wounded.
The rakshasa hits you but does no damage.
You slice the ettin!! You burn the ettin.
You kill the ettin!
Cheibriados appreciates the change of pace.
You hit the yaktaur but do no damage. You slash the ettin! You burn the ettin.
The ettin is heavily wounded.
The ettin misses you. The ettin hits you with a dire flail!!
You die...

..........................
....................(....<
........#............(....
......^...............(.#.
#......................##.
#........................#
..........................
........c(...............#
.......QC@)...............
......Yu).................
......uQ*R................
......$...........
....OYu...........
....u............
...O.............
.......>.........


You could see 4 ugly things, an ettin, a rakshasa, an ogre mage, a yaktaur, 2
yaks, a two-headed ogre, 2 tengu conjurers and a battlesphere.

Action                   |  1- 3 |  4- 6 |  7- 9 | 10-12 | 13-15 | 16-18 || total
-------------------------+-------+-------+-------+-------+-------+-------++-------
Melee: War axe           |   129 |   124 |   239 |       |       |       ||   492
       Kick              |       |       |   105 |       |       |       ||   105
       Battleaxe         |       |       |   136 |   843 |  1211 |   106 ||  2296
       Glaive            |       |       |       |       |    10 |       ||    10
Invok: Temporal Distorti |       |       |       |     2 |     1 |       ||     3
       Slouch            |       |       |       |     1 |     2 |       ||     3
Evoke: Wand              |       |       |       |     5 |     3 |       ||     8
  Use: Scroll            |       |     1 |    10 |    11 |    20 |     4 ||    46
       Potion            |       |     1 |       |     4 |     3 |     1 ||     9
 Stab: Distracted        |       |       |     2 |       |       |       ||     2
       Invisible         |       |       |       |    12 |       |       ||    12
  Eat: Chunk             |     3 |     4 |     7 |     6 |    15 |       ||    35
       Fruit             |       |       |       |     4 |     2 |       ||     6
       Royal jelly       |       |       |       |     1 |     1 |       ||     2
       Beef jerky        |       |       |       |       |     2 |       ||     2
       Meat ration       |       |       |       |       |     2 |       ||     2
Armor: Scale mail        |    56 |    48 |    67 |       |       |       ||   171
       Plate armour      |       |       |   200 |   602 |   751 |    56 ||  1609
Dodge: Dodged            |    30 |    18 |   132 |   617 |   893 |    76 ||  1766
Block: Shield            |    70 |    71 |   124 |       |       |       ||   265
       Other             |       |       |    13 |   130 |   222 |    18 ||   383

Notes
Turn   | Place    | Note
--------------------------------------------------------------
     0 | D:1      | Duffy the Demonspawn Fighter began the quest for the Orb.
     0 | D:1      | Reached XP level 1. HP: 18/18 MP: 1/1
   150 | D:1      | Reached skill level 2 in Axes
   277 | D:1      | Gained mutation: You are partially covered in large bone plates (AC +2, SH +2). [demonic ancestry]
   277 | D:1      | Reached XP level 2. HP: 24/24 MP: 2/2
   399 | D:1      | Reached skill level 3 in Axes
   568 | D:1      | Reached XP level 3. HP: 29/29 MP: 3/3
  1535 | D:2      | Found Gozag's Platinum Reserve.
  1535 | D:2      | Found an opulent altar of Gozag.
  1727 | D:2      | Reached XP level 4. HP: 31/35 MP: 4/4
  1886 | D:3      | Reached skill level 4 in Axes
  2257 | D:3      | Found a bloodstained altar of Trog.
  2290 | D:3      | Found a shimmering altar of Xom.
  2294 | D:3      | Found a shimmering altar of Xom.
  2295 | D:3      | Found a shimmering altar of Xom.
  2295 | D:3      | Found a shimmering altar of Xom.
  2545 | D:3      | Found a glowing golden altar of the Shining One.
  2633 | D:4      | Reached XP level 5. HP: 41/41 MP: 5/5
  2713 | D:4      | Found a staircase to the Ecumenical Temple.
  2750 | D:3      | Reached skill level 5 in Axes
  2786 | D:4      | Noticed Pikel
  2786 | D:4      | Noticed a slave
  2786 | D:4      | Noticed a slave
  2787 | D:4      | Noticed a slave
  2787 | D:4      | Noticed a slave
  2797 | Temple   | Entered the Ecumenical Temple
  2818 | Temple   | Killed a slave
  2922 | Temple   | Became a worshipper of Cheibriados the Contemplative
  2938 | D:4      | Killed Pikel
  2938 | D:4      | Reached skill level 7 in Axes
  2938 | D:4      | Reached XP level 6. HP: 25/47 MP: 6/6
  2938 | D:4      | Gained mutation: You have sharp toenails. [demonic ancestry]
  2938 | D:4      | Reached XP level 7. HP: 28/52 MP: 7/7
  3226 | D:4      | Reached skill level 8 in Axes
  3602 | D:4      | Reached * piety under Cheibriados
  3727 | D:4      | Noticed Robin
  3751 | D:4      | Killed Robin
  3818 | D:5      | Entered Level 5 of the Dungeon
  3836 | D:5      | Gained mutation: You have razor-sharp toenails. [demonic ancestry]
  3836 | D:5      | Reached XP level 8. HP: 57/58 MP: 8/8
  4005 | D:5      | Reached skill level 9 in Axes
  4094 | D:5      | Reached ** piety under Cheibriados
  4405 | D:5      | Found a sacrificial altar of Ru.
  4406 | D:5      | Found an opulent altar of Gozag.
  4603 | D:6      | Reached skill level 3 in Armour
  4736 | D:6      | Reached skill level 10 in Axes
  4743 | D:6      | Reached skill level 4 in Armour
  4836 | D:6      | Reached *** piety under Cheibriados
  4926 | D:6      | Gained mutation: You regenerate a little health from kills. [demonic ancestry]
  4926 | D:6      | Reached XP level 9. HP: 63/63 MP: 9/9
  5147 | D:7      | Reached skill level 5 in Armour
  5342 | D:7      | Found a white marble altar of Elyvilon.
  5348 | D:7      | Reached **** piety under Cheibriados
  5502 | D:7      | Reached skill level 6 in Armour
  5532 | D:7      | Found a basalt altar of Yredelemnul.
  5671 | D:8      | Noticed wvc's ghost (novice DgWn)
  5680 | D:7      | Reached skill level 11 in Axes
  5721 | D:6      | Found a shattered altar of Ashenzari.
  5776 | D:7      | Reached skill level 4 in Fighting
  5886 | D:8      | Killed wvc's ghost
  5886 | D:8      | Reached skill level 5 in Fighting
  5886 | D:8      | Gained mutation: When hurt, damage is shared between your health and your magic reserves. [demonic ancestry]
  5886 | D:8      | Reached XP level 10. HP: 74/74 MP: 10/10
  6286 | D:8      | Reached ***** piety under Cheibriados
  6371 | D:9      | Reached skill level 1 in Invocations
  6419 | D:9      | Reached skill level 2 in Invocations
  6426 | D:9      | Reached skill level 3 in Invocations
  6567 | D:9      | Reached skill level 12 in Axes
  6621 | D:9      | Reached skill level 4 in Invocations
  6769 | D:9      | Reached skill level 5 in Invocations
  6868 | D:9      | Noticed Joseph
  7078 | D:9      | Reached skill level 6 in Invocations
  7120 | D:9      | Reached skill level 7 in Invocations
  7132 | D:9      | Killed Joseph
  7178 | D:9      | Found an oddly glowing altar of Pakellas.
  7282 | D:10     | Entered Level 10 of the Dungeon
  7327 | D:10     | Gained mutation: You are mostly covered in large bone plates (AC +3, SH +3). [demonic ancestry]
  7327 | D:10     | Reached XP level 11. HP: 78/80 MP: 14/16
  7341 | D:10     | Reached ****** piety under Cheibriados
  7347 | D:10     | Reached skill level 8 in Invocations
  7425 | D:10     | Found a staircase to the Orcish Mines.
  7778 | D:10     | Reached skill level 6 in Fighting
  7778 | D:10     | Reached skill level 13 in Axes
  7778 | D:10     | Reached skill level 1 in Dodging
  7840 | D:10     | Noticed a hill giant
  7851 | D:10     | Killed a hill giant
  8050 | D:10     | Found a portal to a secret trove of treasure.
  8189 | D:10     | Reached skill level 2 in Dodging
  8207 | D:10     | Found a roughly hewn altar of Beogh.
  8567 | D:11     | Found a staircase to the Lair.
  8626 | D:11     | Reached skill level 3 in Dodging
  8626 | D:11     | Reached skill level 7 in Armour
  8656 | D:11     | Noticed a hill giant
  8669 | D:11     | Killed a hill giant
  8794 | D:11     | Noticed a hill giant
  8801 | D:11     | Killed a hill giant
  9274 | D:12     | Reached skill level 7 in Fighting
  9313 | D:12     | Noticed a hill giant
  9319 | D:12     | Killed a hill giant
  9348 | D:12     | Noticed a cyan ugly thing
  9350 | D:12     | Found a flagged portal.
  9357 | D:12     | Reached skill level 4 in Dodging
  9369 | D:12     | Killed a cyan ugly thing
  9369 | D:12     | Gained mutation: You regenerate health from kills. [demonic ancestry]
  9369 | D:12     | Reached XP level 12. HP: 91/91 MP: 15/18
  9377 | Bailey   | Entered a bailey
  9721 | D:12     | You fall through a shaft!
  9895 | D:12     | Reached skill level 8 in Armour
 10166 | Orc:1    | Entered Level 1 of the Orcish Mines
 10309 | Orc:1    | Noticed Maurice
 10333 | Orc:1    | Killed Maurice
 10414 | Orc:2    | Entered Level 2 of the Orcish Mines
 10414 | Orc:2    | Found a staircase to the Elven Halls.
 10417 | Orc:2    | Noticed a stone giant
 10428 | Orc:2    | Killed a stone giant
 10544 | Orc:2    | Reached skill level 14 in Axes
 10547 | Orc:2    | Reached skill level 9 in Armour
 10559 | Orc:2    | Noticed an orc high priest
 10753 | Orc:2    | Killed an orc high priest
 10926 | Orc:2    | Noticed an ogre mage
 10929 | Orc:2    | Noticed Gruesome's ghost (journeyman DDFi)
 10931 | Orc:2    | Found Yhetuf's General Store.
 10932 | Orc:2    | Noticed an ogre mage
 10965 | Orc:2    | Killed an ogre mage
 10972 | Orc:2    | Reached skill level 10 in Armour
 10972 | Orc:2    | Gained mutation: You are completely covered in large bone plates (AC +4, SH +4). [demonic ancestry]
 10972 | Orc:2    | Reached XP level 13. HP: 96/98 MP: 4/19
 10985 | Orc:2    | Found a roughly hewn altar of Beogh.
 11141 | Orc:2    | Found Ihextusaty's Book Shoppe.
 11166 | Orc:2    | Found Tittiad's Armour Boutique.
 11170 | Orc:2    | Found Mamuaf's General Store.
 11212 | Orc:2    | Killed Gruesome's ghost
 11285 | Orc:2    | Bought a +1 helmet of see invisible for 247 gold pieces
 11537 | Orc:2    | Reached skill level 15 in Axes
 11810 | Orc:2    | Bought a scroll of enchant weapon for 112 gold pieces
 11933 | Lair:1   | Entered Level 1 of the Lair of Beasts
 11937 | Lair:1   | Reached skill level 11 in Armour
 12644 | Lair:2   | Reached skill level 8 in Fighting
 12690 | Lair:2   | Found a dark tunnel.
 12699 | Volcano  | Entered a volcano
 13094 | Lair:2   | Gained mutation: You regenerate magic rapidly. [demonic ancestry]
 13094 | Lair:2   | Reached XP level 14. HP: 106/106 MP: 18/20
 13291 | Lair:2   | Reached skill level 9 in Fighting
 13932 | Lair:3   | Found a staircase to the Swamp.
 14532 | Lair:4   | Reached skill level 16 in Axes
 14582 | Lair:4   | You fall through a shaft!
 14614 | Lair:5   | Found a staircase to the Snake Pit.
 14630 | Lair:5   | Found a labyrinth entrance.
 14639 | Lab      | Entered a labyrinth
 14870 | Lab      | Reached skill level 10 in Fighting
 14905 | Lab      | Identified the Handbook of Boosts (You found it in a labyrinth)
 15148 | Lair:4   | Noticed Josephine
 15154 | Lair:4   | Killed Josephine
 16274 | Lair:6   | Noticed Maud
 16279 | Lair:6   | Reached skill level 5 in Dodging
 16292 | Lair:6   | Killed Maud
 16364 | Lair:6   | Found a staircase to the Slime Pits.
 16365 | Lair:6   | Found a viscous altar of Jiyva.
 17025 | Lair:7   | Reached skill level 6 in Dodging
 17678 | Lair:8   | Entered Level 8 of the Lair of Beasts
 17732 | Lair:8   | Reached skill level 17 in Axes
 17732 | Lair:8   | Reached skill level 7 in Dodging
 17732 | Lair:8   | Gained mutation: When low on magic, you restore magic in place of health. [demonic ancestry]
 17732 | Lair:8   | Reached XP level 15. HP: 102/117 MP: 18/21
 18228 | Lair:8   | Reached skill level 8 in Dodging
 18719 | D:13     | Found a shimmering altar of Xom.
 18737 | D:13     | Found Foemnimm's Gadget Emporium.
 18762 | D:13     | Noticed Sonja
 18768 | D:13     | Killed Sonja
 19201 | D:14     | Reached skill level 9 in Dodging
 19226 | D:14     | Found a gate to the Vaults.
 19628 | D:14     | Reached skill level 9 in Invocations
 19696 | D:14     | Found a radiant altar of Vehumet.
 19876 | D:15     | Entered Level 15 of the Dungeon
 19882 | D:15     | Reached skill level 18 in Axes
 19984 | D:15     | Found a roughly hewn altar of Beogh.
 19989 | D:15     | Reached skill level 10 in Invocations
 20091 | D:15     | Reached XP level 16. HP: 58/124 MP: 21/23
 20415 | D:15     | Found a blossoming altar of Fedhas.
 20455 | D:15     | Found a staircase to the Depths.
 20617 | D:15     | Gained mutation: Your spells are a little harder to cast, but a little more powerful. [potion of beneficial mutation]
 20666 | Depths:1 | Entered Level 1 of the Depths
 20715 | Depths:1 | Reached skill level 11 in Invocations
 20737 | Depths:1 | Noticed a lich
 20749 | Depths:1 | Killed a lich
 20759 | Depths:1 | Mangled by an ettin (illusionary)

Skill      XL: |  1  2  3  4  5  6  7  8  9 10 11 12 13 14 15 16 |
---------------+-------------------------------------------------+-----
Axes           | 2 3 4 7 8 10 11 12 13 14 15 17 18 | 18.5
Armour         | 4 6 7 10 11 | 11.5
Fighting       | 5 7 8 10 | 10.8
Invocations    | 7 8 10 11 | 11.7
Dodging        | 4 7 9 |  9.4
Shields        | |  2.6

Vault maps used:
D:1:      lemuel_arrival_muddy
D:2:      serial_co_window_serial, co_window_paths_b,
          co_window_of_opportunity_a, co_window_corner_a, co_window_paths_a,
          co_window_paths_b, co_window_of_opportunity_a, co_window_cross_1,
          co_window_unsneaky_path_b, co_window_cross_3, co_window_paths_c,
          co_window_paths_d, glass_columns_a, nicolae_gozag_zags_fifth_avenue
D:3:      xom_redecorated, marbit_many_paths, serial_park_tiny_1, trog_book
D:4:      minmay_temple_entry_statues, first_bread, uniq_pikel, uniq_robin
D:5:      gammafunk_temple_overflow_pools, minmay_misc_feat_hallway,
          kennysheep_generic_room_2
D:6:      nicolae_overflow_hidden_temple
D:7:      elyvilon_altar_5, lemuel_crystal_altar
D:9:      kennysheep_mini_moat, uniq_joseph
D:10:     minmay_orc_entry_temple_large, nicolae_trove_entry_crystal
D:11:     dpeg_oklobed_lair
D:12:     enter_bailey_3
D:13:     basic_altar, serial_shops, nicolae_shop_crystal, uniq_sonja
D:14:     grunt_vaults_entry_tiered, basic_altar, infiniplex_staircase_zigzag_1,
          grunt_pizzeria
D:15:     grunt_enter_depths_hoard, special_room, basic_altar,
          grunt_ministairs_12
Temple:   temple_eino_lava_12
Lair:1:   minivault_23, beast_lair_carwin_10
Lair:2:   nicolae_volcano_entry_vermiform, beast_lair_carwin_9,
          grunt_megastairs_5
Lair:3:   minmay_swamp_entry_reptiles, st_stairs_13
Lair:4:   st_stairs_5, hangedman_lair_unloving_vines, uniq_josephine
Lair:5:   minmay_snake_entry_guardpost_small, lab_entry_generic, minivault_24
Lair:6:   slime_altar_1, eino_small_chamber_without_monster,
          roderic_carrion_pond, uniq_maud
Lair:7:   infiniplex_staircase_pool_2
Lair:8:   hangedman_lair_tendril_chambers
Orc:1:    uniq_maurice
Orc:2:    st_orc_open, basic_altar
Depths:1: lightli_too_deep, roderic_cross_of_infinity, minmay_misc_feat_roman,
          nemelex_diamond_rough_becter
Lab:      nicolae_lab_dead_adventurers
Bailey:   bailey_polearm_5, bailey
Volcano:  volcano_aerie

Vanquished Creatures
  A lich Maud
  2 fire giants
  2 stone giants
  An ettin
  The ghost of Gruesome the Severer, a journeyman DDFi of Pakellas
  2 vault guards Josephine
  2 fire dragons
  A minotaur
  An ice dragon
  A great orb of eyes
  9 hydras
  2 ogre magi
  11 death yaks
  The ghost of wvc the Carver, a novice DgWn
  An orc high priest
  A dancing weapon Sonja
  4 skeletal warriors
  2 deep trolls
  A lindwurm
  A deep elf archer
  10 hill giants Pikel
  6 orc knights
  A necromancer
  3 wizards
  A wolf spider
  A griffon
  5 cyclopes
  A hornet
  An orc sorcerer
  7 ugly things
  A moth of wrath Maurice
  A guardian serpent
  2 centaur zombies
  9 elephants Joseph
  A toenail golem
  2 gargoyles
  14 black mambas
  2 molten gargoyles
  18 spiny frogs
  2 torpor snails
  A centaur skeleton
  A rime drake
  15 komodo dragons
  A kobold demonologist
  An efreet
  A yaktaur
  A tengu conjurer
  A troll (shapeshifter)
  14 trolls
  2 polar bears
  9 two-headed ogres
  5 blink frogs
  A centaur simulacrum
  A shadow
  10 wyverns
  60 yaks
  5 wraiths
  3 basilisks
  2 hungry ghosts
  18 humans
  9 hippogriffs
  4 vampire mosquitoes
  A mottled dragon
  A soldier ant
  22 water moccasins
  4 nagas
  12 porcupines
  A hornet simulacrum
  4 slaves
  35 orc warriors
  3 black bears
  A phantom
  7 sky beasts
  7 wasps
  32 ogres
  3 ice beasts
  An eye of draining
  8 necrophages
  7 centaurs
  13 wolves
  20 crocodiles
  6 big kobolds
  A wyvern zombie
  23 giant frogs
  2 scorpions
  A killer bee
  9 howler monkeys
  16 wights
  6 crimson imps
  3 quasits
  A giant frog zombie
  A jelly
  3 giant frog skeletons
  10 hounds
  36 orc wizards
  16 orc priests
  13 iguanas
  4 hell rats
  14 worker ants
  13 sheep
  A killer bee zombie
  2 hound skeletons
  2 worker ant zombies Robin
  4 gnolls
  16 adders
  59 river rats
  3 shadow imps
  An adder zombie
  An adder skeleton
  3 worms
  3 dart slugs
  4 giant geckos
  146 orcs
  4 giant cockroaches
  19 goblins
  11 hobgoblins
  23 jackals
  28 kobolds
  8 quokkas
  2 ball pythons
  4 bats
  A giant gecko skeleton
  6 giant newts
  9 rats
  A bush
  61 fungi
  52 plants
1141 creatures vanquished.
